 Dungeon Crawl Stone Soup version 0.29.1-12-g30fa7ad0bf (webtiles) character file.

Game seed: 6587421334016521954

308 croobank the Changer (level 6, 0/41 HPs)
             Began as an Octopode Transmuter on Jan 1, 2023.
             Slain by a gnoll
             ... wielding a +0 club
             ... led by a gnoll sergeant
              (3 damage)
             ... on level 5 of the Dungeon.
             The game lasted 00:12:38 (3734 turns).

croobank the Changer (Octopode Transmuter)          Turns: 3734, Time: 00:12:38

Health: 0/41       AC:  1    Str:  9    XL:     6   Next: 40%
Magic:  3/10       EV: 14    Int: 17    God:
Gold:   83         SH:  0    Dex: 13    Spells: 3/11 levels left

rFire   . . .      SeeInvis .   b - +2 hand axe (vorpal)
rCold   . . .      Faith    .   (no shield)
rNeg    . . .      Spirit   .   (helmet currently unavailable)
rPois   .          Reflect  .   (no amulet)
rElec   .          Harm     .   (no ring)
rCorr   .          Rampage  .   (no ring)
Will    .....                   (no ring)
Stlth   ++........              (no ring)
HPRegen 0.13/turn               (no ring)
MPRegen 0.12/turn               (no ring)
                                (no ring)
                                (no ring)

@: brilliant, lethally poisoned (0 -> -1), appendages (expiring), hasted, very
quick
A: tentacle spike 3, almost no armour, amphibious, 8 rings, camouflage 1,
gelatinous body 1, (nimble swimmer 1), tentacles
a: End Transformation


You were on level 5 of the Dungeon.
One of your tentacles had grown a beastly spike.
You visited 1 branch of the dungeon, and saw 5 of its levels.

You collected 83 gold pieces.

Inventory:

Hand Weapons
 b - a +2 vorpal hand axe (weapon)
 d - a +0 hand axe
 k - a +0 dagger of venom
 l - a +0 war axe
Missiles
 e - 4 poisoned darts
Armour
 f - a +2 hat
Jewellery
 g - a ring of flight
Potions
 i - a potion of might {unknown}
 j - a potion of lignification


   Skills:
 + Level 2.6 Fighting
 + Level 3.3 Dodging
 - Level 3.1 Unarmed Combat
 + Level 3.0 Spellcasting
 + Level 1.8 Hexes
 + Level 3.3 Transmutations
 + Level 2.0 Ice Magic


You had 3 spell levels left.
You knew the following spells:

 Your Spells              Type           Power      Damage    Failure   Level
a - Beastly Appendage     Tmut           40%        N/A       4%          1
b - Wereblood             Tmut           20%        N/A       7%          2
c - Ensorcelled Hibernat  Hex/Ice        26%        N/A       12%         2
d - Stone Arrow           Conj/Erth      6%         3d7       45%         3

Your spell library contained the following spells:

 Spells                   Type           Power      Damage    Failure   Level
 Spider Form              Tmut/Pois      12%        N/A       26%         3
 Gell's Gravitas          Tloc           3%         N/A       45%         3
 Teleport Other           Tloc           3%         N/A       45%         3
 Ice Form                 Ice/Tmut       17%        N/A       50%         4
 Anguish                  Hex/Necr       4%         N/A       77%         4
 Dispersal                Tloc           1%         N/A       100%        6
 Lehudib's Crystal Spear  Conj/Erth      1%         10d2      100%        8
 Animate Armour           Summ/Erth      Unusable   N/A       N/A         4

Dungeon Overview and Level Annotations

Branches:
Dungeon (5/15)
 Temple: D:4-7

Altars:
Fedhas
Kikubaaqudgha
Ru
Trog

Annotations:
D:4 Pikel


Innate Abilities, Weirdness & Mutations

One of your tentacles has grown a beastly spike.
You cannot wear most types of armour.
You are amphibious.
You can wear up to eight rings at the same time.
Your skin changes colour to match your surroundings (Stealth+).
Your rubbery body absorbs attacks. (AC +1, EV +1)
((You are camouflaged when in or above water. (Stealth+)))
You have tentacles for arms and can constrict up to eight enemies at once.


Message History

You constrict the gnoll sergeant.
You feel sick. The gnoll sergeant closely misses you.
You hit the gnoll sergeant but do no damage.
You pierce the gnoll sergeant, but do no damage.
The gnoll sergeant is lightly wounded.
You constrict the gnoll sergeant.
You feel sick.
The gnoll sergeant hits you with a +1 spear of venom!
* * * LOW HITPOINT WARNING * * *
Casting: Ensorcelled Hibernation (safe; 13% risk of failure)
Confirm with . or Enter, or press ? or * to list all spells.
Aiming: Ensorcelled Hibernation (safe; 13% risk of failure)
Press: ? - help, Shift-Dir - straight line, f/p - gnoll sergeant
Aim: a gnoll sergeant, wielding a +1 spear of venom, wearing a +0 ring mail and wearing a +0 kite shield (moderately wounded, constricted by you, not susceptible)
The gnoll sergeant is unaffected.
The gnoll shouts!
You constrict the gnoll sergeant.
You feel sick.
You hit the gnoll sergeant.
The gnoll sergeant blocks your attack. x2
The gnoll sergeant is heavily wounded.
You constrict the gnoll sergeant, but do no damage.
The gnoll sergeant barely misses you.
You hit the gnoll sergeant but do no damage.
The gnoll sergeant is heavily wounded.
You constrict the gnoll sergeant.
You feel sick. The gnoll sergeant barely misses you.
You hit the gnoll sergeant. You squeeze the gnoll sergeant!
You kill the gnoll sergeant!
You feel sick.
Your Spellcasting skill increases to level 3!
Your Ice Magic skill increases to level 2!
You hit the gnoll. You grab the gnoll.
You pierce the gnoll.
The gnoll is heavily wounded.
You constrict the gnoll.
You feel sick. The gnoll hits you with a +0 club.
* * * LOW HITPOINT WARNING * * *
Your magical contamination has completely faded away.
You aren't carrying any scrolls.
Okay, then.
It was a potion of brilliance.
You feel clever all of a sudden.
You constrict the gnoll.
You feel sick. The gnoll hits you with a +0 club.
You die...

.. O..s............#
...#. #......g...#
.s...####.#######..#
#..........# #..#
#..O.#.#...# #g.# #
.....##g#.#...###..#
## ..##
#g#.#.g......# .#
#g#.#..g####g#####
#@#.#. .# #......#
## #..### #.#.#
g..g...#.### .#
.###.... #.#.#
#.###.##.# .##
..#... .)# #. #.#
..# ###.#..# #### #.
#.# .... ......# #.
#.#
#######....#####. #.
#.#
.................
#.#
##......)..#######
#.#


You could see an ogre (wandering) and 3 gnolls.

Vanquished Creatures
  A gnoll sergeant (D:5)
  A scorpion (D:5)
  An orc priest (D:3)
  A hound (D:5)
  A gnoll (D:5)
  5 adders
  3 worms (D:2)
  3 dart slugs
  7 orcs
  4 ball pythons (D:1)
  2 bats
  8 endoplasms
  2 giant cockroaches
  A hobgoblin (D:2)
  A jackal (D:3)
  3 kobolds
  A quokka (D:2)
  A frilled lizard (D:2)
  5 goblins
  6 rats
57 creatures vanquished.

Vanquished Creatures (others)
  A withered plant (D:3)
1 creature vanquished.

Grand Total: 58 creatures vanquished

Notes
Turn   | Place    | Note
-------+----------+-------------------------------------------
     0 | D:1      | croobank the Octopode Transmuter began the quest for the
                  | Orb.
     0 | D:1      | Reached XP level 1. HP: 13/13 MP: 3/3
   315 | D:1      | Reached XP level 2. HP: 11/18 MP: 1/5
   550 | D:1      | Found a faded altar of an unknown god.
  1084 | D:2      | Reached XP level 3. HP: 13/23 MP: 4/6
  1090 | D:2      | Learned a level 2 spell: Wereblood
  1099 | D:2      | Learned a level 2 spell: Ensorcelled Hibernation
  2074 | D:2      | Reached XP level 4. HP: 29/29 MP: 5/7
  2255 | D:2      | Reached skill level 1 in Ice Magic
  2329 | D:3      | Learned a level 3 spell: Stone Arrow
  2442 | D:3      | Reached skill level 1 in Hexes
  2442 | D:3      | Reached XP level 5. HP: 17/34 MP: 4/8
  2448 | D:3      | Found an ancient bone altar of Kikubaaqudgha.
  2448 | D:3      | You fall into a shaft and drop 1 floor!
  2449 | D:4      | Noticed a lemure
  2452 | D:4      | Noticed Pikel
  2453 | D:4      | Noticed a lemure
  2454 | D:5      | Entered Level 5 of the Dungeon
  3126 | D:5      | Found a bloodstained altar of Trog.
  3145 | D:5      | Noticed a phantom
  3191 | D:5      | Found a sacrificial altar of Ru.
  3287 | D:5      | Noticed a water moccasin
  3376 | D:4      | Found a blossoming altar of Fedhas.
  3542 | D:5      | Reached XP level 6. HP: 10/41 MP: 7/10
  3734 | D:5      | Slain by a gnoll

Illustrated notes

Levels and vault maps discovered:
D:1:      dpeg_arrival_pond, layout_basic, chequers_ecumenical_altar_simple
D:2:      layout_rooms, dreamdust_princess_bridge, minivault_19
D:3:      layout_basic, kiku_gazebo_garden_becter, uniq_jessica
D:4:      layout_cave_pods, nicolae_overflow_hidden_temple,
          minmay_temple_entry_drinking_statues, kennysheep_decorative_pillar,
          uniq_grinder, uniq_pikel
D:5:      cheibrodos_two_vegetables, layout_basic,
          nicolae_hepliaklqana_hippocampus, trog_three_pillars_becter,
          nicolae_overflow_crystal_walls, minmay_joined_circles, uniq_ijyb

Skill      XL: |  1  2  3  4  5  6 |
---------------+-------------------+-----
Ice Magic      | 1 2 |  2.0
Fighting       | 2 |  2.6
Hexes          | 1 |  1.8
Transmutations | 3 |  3.3
Dodging        | 3 |  3.3
Spellcasting   | 3 |  3.0
Unarmed Combat | |  3.1

Action                   |  1- 3 |  4- 6 || total
-------------------------+-------+-------++-------
Melee: Unarmed           |    63 |    42 ||   105
       Tentacles         |    14 |    20 ||    34
       Kick              |    18 |    23 ||    41
       Constrict         |    11 |    21 ||    32
       Punch             |     2 |     2 ||     4
       Hand axe          |       |    18 ||    18
 Cast: Beastly Appendage |    19 |    10 ||    29
       Wereblood         |     6 |     9 ||    15
       Ensorcelled Hiber |       |     5 ||     5
  Use: Potion            |     1 |     3 ||     4
       Scroll            |       |     4 ||     4
 Stab: Sleeping          |     2 |     4 ||     6
Armor: Skin              |     9 |     2 ||    11
Dodge: Dodged            |    32 |    31 ||    63
